 Dungeon Crawl Stone Soup version 0.27.1-16-g815e20cd7a (webtiles) character file.

Game seed: 12937916624159408380

6 zeram the Caller (level 1, 0/10 HPs)
             Began as a Deep Elf Summoner on Nov 23, 2021.
             Slain by a bat (1 damage)
             ... on level 1 of the Dungeon.
             The game lasted 00:01:26 (476 turns).

zeram the Caller (Deep Elf Summoner)                 Turns: 476, Time: 00:01:26

Health: 0/10       AC:  2    Str:  5    XL:     1   Next: 75%
Magic:  5/6        EV: 12    Int: 19    God:
Gold:   7          SH:  0    Dex: 15    Spells: 5/6 levels left

rFire    . . .     SeeInvis .   b - +0 whip
rCold    . . .     Faith    .   (no shield)
rNeg     . . .     Spirit   .   a - +0 robe
rPois    .         Reflect  .   (no helmet)
rElec    .         Harm     .   (no cloak)
rCorr    .         Rampage  .   (no gloves)
Will     .....                  (no boots)
Stlth    ++........             (no amulet)
HPRegen  0.03/turn              (no ring)
MPRegen  0.10/turn              (no ring)

@: no status effects
A: no striking features
a: no special abilities


You were on level 1 of the Dungeon.
You visited 1 branch of the dungeon, and saw 1 of its levels.

You collected 7 gold pieces.

Inventory:

Hand Weapons
 b - a +0 whip (weapon)
Armour
 a - a +0 robe (worn)


   Skills:
 + Level 2.5 Dodging
 - Level 2.4 Stealth
 + Level 3.3 Spellcasting
 + Level 4.5 Summonings


You had 5 spell levels left.
You knew the following spells:

 Your Spells              Type           Power      Damage    Failure   Level
a - Summon Small Mammal   Summ           80%        N/A       2%          1

Your spell library contained the following spells:

 Spells                   Type           Power      Damage    Failure   Level
 Call Imp                 Summ           20%        N/A       3%          2
 Call Canine Familiar     Summ           20%        N/A       7%          3
 Summon Guardian Golem    Hex/Summ       11%        N/A       17%         3
 Summon Lightning Spire   Summ/Air       11%        N/A       50%         4


Dungeon Overview and Level Annotations

Branches:
Dungeon (1/15)

Altars:

Shops:
D:1 =(


Message History

You kill the kobold!
No target in view!
No target in view!
No target in view!
No target in view!
Things that are here:
a +0 dagger; 4 stones; a kobold corpse
Found 7 gold pieces.
You now have 7 gold pieces.
A ball python comes into view.
A ball python is nearby!
A ball python is nearby!
A ball python is nearby!
The ball python bites you. The ball python grabs you.
The ball python constricts you. The ball python bites you.
The ball python constricts you.
You hit the ball python.
You kill the ball python!
No target in view!
Okay, then.
Found 5 javelins.
A bat, a goblin and a hobgoblin come into view.
The hobgoblin shouts!
The goblin shouts!
There are monsters nearby!
There are monsters nearby!
There are monsters nearby!
Casting: Summon Small Mammal (safe; 2% risk of failure)
Confirm with . or Enter, or press ? or * to list all spells.
The hobgoblin hits you but does no damage.
You barely miss the hobgoblin. The hobgoblin closely misses you.
You closely miss the bat. The bat barely misses you. The bat misses you.
The hobgoblin hits you. The bat misses you. The hobgoblin hits you.
* * * LOW HITPOINT WARNING * * *
You are too injured to fight recklessly!
The bat hits you.
* * * LOW HITPOINT WARNING * * *
Your rat bites the hobgoblin but does no damage.
The hobgoblin hits your rat but does no damage.
The bat hits you.
You die...

#......
##.........
#......
#........#
#......
####....##
#...... ##
###.... #......
.### ##.#.
#.(..g.###...####
..#.
#.....g...##.....
#.
#.....#rb........
.# #. #####
#..@.......
#.....
#..........
.....#
###..†.......
......
#.........#..
#... #
#.######### #
####.# #.# #. #.#
#. #.# #.# #.# .
#..


You could see a hobgoblin (ally target), a goblin, a bat and a friendly rat
(summoned).

Vanquished Creatures
  An endoplasm (D:1)
  A quokka (D:1)
  A ball python (D:1)
  A frilled lizard (D:1)
  A kobold (D:1)
5 creatures vanquished.

Vanquished Creatures (collateral kills)
  An endoplasm (D:1)
  A kobold (D:1)
  A frilled lizard (D:1)
3 creatures vanquished.

Grand Total: 8 creatures vanquished

Notes
Turn   | Place    | Note
-------+----------+-------------------------------------------
     0 | D:1      | zeram the Deep Elf Summoner began the quest for the Orb.
     0 | D:1      | Reached XP level 1. HP: 10/10 MP: 6/6
    11 | D:1      | Found Qorgheole's Jewellery Emporium.
    52 | D:1      | Found Omecoal's Antique Weapon Boutique.
   476 | D:1      | Slain by a bat

Illustrated notes

Levels and vault maps discovered:
D:1:      lightli_arrival_chessboard, layout_rooms, serial_shops, shop,
          nicolae_shop_temple_entry_statues_fountains, nicolae_shop_crystal,
          shop, shapermc_ecumenical_altar_mp_vishouse

Action                   || total
-------------------------++-------
Melee: Whip              ||    14
       Unarmed           ||     5
 Cast: Summon Small Mamm ||    10
  Use: Scroll            ||     1
 Stab: Sleeping          ||     1
Armor: Robe              ||     8
Dodge: Dodged            ||    17
